 Dungeon Crawl Stone Soup version 0.19-b1-4-gd8a0a2a (webtiles) character file.

3960 Franakus the Thaumaturge (level 10, 0/55 HPs)
             Began as a Deep Elf Conjurer on Oct 30, 2016.
             Was a Believer of Sif Muna.
             Slain by a hornet (13 damage)
             ... on level 8 of the Dungeon.
             The game lasted 01:26:23 (6422 turns).

Franakus the Thaumaturge (Deep Elf Conjurer)        Turns: 6422, Time: 01:26:23

Health: 0/55       AC:  7    Str: 12    XL:     10   Next: 2%
Magic:  27/34      EV: 15    Int: 24    God:    Sif Muna [**....]
Gold:   488        SH:  0    Dex: 19    Spells: 4 memorised, 15 levels left

rFire  . . .     SeeInvis +     H - +6 hunting sling "Qodicing" {freeze, Str+7 Dex+6 SInv}
rCold  . . .     Gourm    .     T - -1 ring mail
rNeg   . . .     Faith    +     (no shield)
rPois  .         Spirit   .     (no helmet)
rElec  .         Reflect  .     C - +0 cloak
rCorr  .         Harm     .     (no gloves)
MR     +....                    (no boots)
Stlth  +++.......               m - amulet of faith
                                J - ring of wizardry
                                y - ring of magical power

@: slowed, very slow
A: talons 1, thin metallic scales 1, clumsy 1, robust 1
a: Divine Energy, Renounce Religion


You were on level 8 of the Dungeon.
You worshipped Sif Muna.
Sif Muna was pleased with you.
You were very hungry.

You visited 1 branch of the dungeon, and saw 8 of its levels.

You collected 488 gold pieces.

Inventory:

Hand Weapons
 q - a +1 hunting sling of flaming
 H - the +6 hunting sling "Qodicing" (weapon) {freeze, Str+7 Dex+6 SInv}
   (You found it on level 4 of the Dungeon)

   It causes projectiles fired from it to freeze those they strike, causing
   extra injury to most foes and up to half again as much damage against
   particularly susceptible opponents.
   They can also slow down cold-blooded creatures.
   It affects your strength (+7).
   It affects your dexterity (+6).
   It lets you see invisible.
Missiles
 p - 526 stones
 A - 35 sling bullets (quivered)
Armour
 a - a +1 robe
 e - a +0 ring mail
 v - a +0 chain mail
 C - a +0 cloak (worn)
 I - +0 storm dragon scales
 T - a -1 ring mail (worn)
Jewellery
 m - an amulet of faith (around neck)
 y - a ring of magical power (left hand)
 J - a ring of wizardry (right hand)
 K - an uncursed ring of ice
 O - an uncursed ring of protection from fire
Wands
 o - a wand of acid (5/15)
 R - a wand of polymorph (11/24)
Scrolls
 d - 6 scrolls of remove curse
 h - 2 scrolls of random uselessness
 i - 6 scrolls of teleportation
 j - a scroll of recharging
 k - a scroll of noise
 n - a scroll of enchant armour
 r - 2 scrolls of identify
 s - a scroll of immolation
 u - a scroll of fear
 w - a scroll of fog
 x - a scroll of magic mapping
 F - a scroll of enchant weapon
 M - a scroll of holy word
 P - 2 scrolls of amnesia
Potions
 g - a potion of degeneration
 t - a potion of brilliance
 z - 4 potions of curing
 B - a potion of might
 D - a potion of resistance
 E - a potion of cure mutation
 G - a potion of ambrosia
 L - a potion of agility
 N - a potion of invisibility
Books
 b - a book of Conjurations

   Spells                             Type                      Level
   a - Magic Dart                     Conjuration                  1
   b - Searing Ray                    Conjuration                  2
   c - Dazzling Spray                 Conjuration/Hexes            3
   d - Fulminant Prism                Conjuration/Hexes            4
   e - Iskenderun's Mystic Blast      Conjuration                  4
   f - Iskenderun's Battlesphere      Conjuration/Charms           5
Comestibles
 c - 4 bread rations
 f - 4 meat rations
 l - 4 fruits


   Skills:
 - Level 0.1 Fighting
 - Level 5.1 Slings
 + Level 6.6 Dodging
 + Level 6.1 Stealth
 + Level 9.4 Spellcasting
 + Level 9.4 Conjurations
 + Level 4.0 Charms
 * Level 3.1 Invocations


You had 15 spell levels left.
You knew the following spells:

 Your Spells              Type           Power        Failure   Level  Hunger
a - Magic Dart            Conj           ####         1%          1    None
b - Searing Ray           Conj           ######       1%          2    None
c - Iskenderun's Mystic   Conj           ######..     1%          4    ##.....
d - Iskenderun's Battles  Conj/Chrm      #####...     10%         5    ####...


Dungeon Overview and Level Annotations

Branches:
Dungeon (8/15)             Temple (0/1) D:6
   Lair: D:8-11

Altars:
Ashenzari
Cheibriados
Elyvilon
Fedhas
Gozag
Nemelex Xobeh
Ru
Sif Muna
Vehumet
Yredelemnul
The Shining One

Annotations:
D:2 Terence


Innate Abilities, Weirdness & Mutations

You have sharp toenails.
You are partially covered in thin metallic scales. (AC +2)
You are clumsy. (Dex -2)
You are robust. (+10% HP)


Message History

The hornet misses you.
The searing ray hits the hornet.
The hornet is almost dead.
The hornet misses you. The hornet stings you!
You feel yourself slow down.
The searing ray misses the hornet. x2; The hornet misses you.
The hornet stings you!
You are poisoned.
You suddenly lose the ability to move!
You feel sick. The hornet stings you.
* * * LOW HITPOINT WARNING * * *
You feel as though you will be slow longer.
The hornet stings you!
* * * LOW HITPOINT WARNING * * *
You shrug off the repeated paralysis!
You can move again.
You feel better. The hornet stings you.
* * * LOW HITPOINT WARNING * * *
You feel as though you will be slow longer.
The hornet stings you!
You die...

#.....^#..#..#
#####†.#.....# #.#
#..#.#...# #.#
#..#.....# #.# ##
##.###..## #.# #.#
##.# ##.# #.#
##y#.#.# #.# #.#
#.#y##.####.# #.#
#.#@#.....>####.#
#w#.##...........#
###.##......######
#..#........#
##.#........#
#..........#
####.......#
#.......#
#########


You could see 2 hornets.

Vanquished Creatures
  Pikel (D:7)
  Joseph (D:7)
  The ghost of cedor the Chopper, a novice HOWr of Beogh (D:4)
  A hornet (D:7)
  Prince Ribbit (D:7)
  A wyvern (D:8)
  2 sky beasts
  2 slaves (D:7)
  A necrophage (D:6)
  A phantom (D:5)
  2 centaurs
  2 ogres
  3 big kobolds
  5 bullfrogs
  A wyvern skeleton (D:8)
  2 scorpions
  3 killer bees (D:7)
  A howler monkey (D:4)
  A centaur zombie (D:7)
  A crimson imp (D:7)
  A centaur skeleton (D:7)
  3 hounds
  3 orc priests
  2 jellies
  An orc wizard (D:3)
  2 iguanas
  5 worker ants
  5 gnolls
  7 adders
  2 shadow imps
  An adder zombie (D:7)
  A worm (D:5)
  A dart slug (D:1)
  4 leopard geckos
  15 orcs
  4 ball pythons
  9 giant cockroaches
  40 goblins
  21 hobgoblins (D:5)
  20 jackals
  17 kobolds
  4 quokkas
  6 bats
  4 frilled lizards
  A jackal skeleton (D:4)
  A leopard gecko skeleton (D:4)
  A quokka skeleton (D:4)
  9 rats
223 creatures vanquished.

Vanquished Creatures (others)
  A bullfrog (D:7)
1 creature vanquished.

Grand Total: 224 creatures vanquished

Notes
Turn   | Place    | Note
-------+----------+-------------------------------------------
     0 | D:1      | Franakus the Deep Elf Conjurer began the quest for the Orb.
     0 | D:1      | Reached XP level 1. HP: 10/10 MP: 6/6
    71 | D:1      | Reached XP level 2. HP: 15/15 MP: 0/8
   100 | D:1      | Learned a level 2 spell: Searing Ray
   132 | D:1      | Found a sparkling altar of Nemelex Xobeh.
   138 | D:1      | Reached skill level 5 in Conjurations
   380 | D:1      | Reached XP level 3. HP: 19/19 MP: 5/9
   758 | D:2      | Found a glowing golden altar of the Shining One.
   909 | D:2      | Noticed Terence
  1702 | D:3      | Reached XP level 4. HP: 24/24 MP: 8/11
  1707 | D:3      | Found a faded altar of an unknown god.
  2092 | D:3      | Found an opulent altar of Gozag.
  2092 | D:3      | Found a basalt altar of Yredelemnul.
  2145 | D:3      | Learned a level 4 spell: Iskenderun's Mystic Blast
  2225 | D:3      | Reached XP level 5. HP: 28/28 MP: 0/13
  2255 | D:3      | Learned a level 5 spell: Iskenderun's Battlesphere
  2509 | D:4      | Noticed cedor's ghost (novice HOWr)
  2621 | D:4      | Reached XP level 6. HP: 28/32 MP: 15/15
  2757 | D:4      | Got a transparent hunting sling
  2758 | D:4      | Identified the +6 hunting sling "Qodicing" {freeze, Str+7 Dex+6 SInv} (You found it on level 4 of the Dungeon)
  2841 | D:4      | Killed cedor's ghost
  2841 | D:4      | Reached skill level 5 in Spellcasting
  2841 | D:4      | Reached XP level 7. HP: 36/36 MP: 17/17
  3209 | D:5      | Entered Level 5 of the Dungeon
  3405 | D:5      | Reached XP level 8. HP: 41/41 MP: 19/19
  4251 | D:5      | Reached skill level 5 in Slings
  4642 | D:6      | Found a sacrificial altar of Ru.
  4676 | D:6      | Found a deep blue altar of Sif Muna.
  4676 | D:6      | Found a blossoming altar of Fedhas.
  4718 | D:6      | Became a worshipper of Sif Muna the Loreminder
  4841 | D:6      | Found a staircase to the Ecumenical Temple.
  5065 | D:7      | Reached skill level 5 in Stealth
  5093 | D:7      | Noticed Pikel
  5188 | D:7      | Reached skill level 1 in Charms
  5200 | D:7      | Killed Pikel
  5200 | D:7      | Reached * piety under Sif Muna
  5200 | D:7      | Reached skill level 5 in Dodging
  5200 | D:7      | Reached XP level 9. HP: 30/45 MP: 7/22
  5302 | D:7      | Noticed Prince Ribbit
  5366 | D:7      | Noticed Joseph
  5394 | D:7      | Found a snail-covered altar of Cheibriados.
  5397 | D:7      | Found a radiant altar of Vehumet.
  5402 | D:7      | Found a sacrificial altar of Ru.
  5410 | D:7      | Found a white marble altar of Elyvilon.
  5419 | D:7      | Killed Prince Ribbit
  5666 | D:7      | Found a shattered altar of Ashenzari.
  5694 | D:7      | Reached ** piety under Sif Muna
  5694 | D:7      | Reached skill level 1 in Invocations
  5854 | D:7      | Killed Joseph
  6083 | D:8      | Gained mutation: You are partially covered in thin metallic scales. (AC +2) [mutagenic meat]
  6084 | D:8      | Gained mutation: You are robust. (+10% HP) [mutagenic meat]
  6085 | D:8      | Gained mutation: You are clumsy. (Dex -2) [mutagenic meat]
  6086 | D:8      | Gained mutation: You have sharp toenails. [mutagenic meat]
  6153 | D:8      | Reached XP level 10. HP: 27/55 MP: 25/25
  6420 | D:8      | Paralysed by a hornet for 2 turns
  6422 | D:8      | Slain by a hornet

Skill      XL: |  1  2  3  4  5  6  7  8  9 |
---------------+----------------------------+-----
Conjurations   | 5 6 7 8 9 |  9.4
Stealth        | 3 4 5 6 |  6.1
Spellcasting   | 4 5 6 7 9 |  9.4
Dodging        | 3 5 6 |  6.6
Slings         | 2 4 5 |  5.1
Charms         | 1 4 |  4.0
Invocations    | 3 |  3.1
Fighting       | |  0.1

Action                   |  1- 3 |  4- 6 |  7- 9 | 10-12 || total
-------------------------+-------+-------+-------+-------++-------
Melee: Spear             |     1 |       |       |       ||     1
 Fire: Hunting sling     |    49 |    54 |   173 |     4 ||   280
 Cast: Magic Dart        |    37 |     7 |    22 |       ||    66
       Searing Ray       |     6 |    16 |    26 |     2 ||    50
       Iskenderun's Myst |       |     6 |    17 |       ||    23
       Iskenderun's Batt |       |       |     4 |       ||     4
  Use: Scroll            |     2 |     5 |     7 |     9 ||    23
       Potion            |     1 |     3 |     4 |     1 ||     9
  Eat: Chunk             |     3 |     4 |    16 |       ||    23
       Fruit             |       |       |     3 |       ||     3
Armor: Robe              |     4 |     4 |     6 |       ||    14
       Ring mail         |       |       |     3 |     1 ||     4
Dodge: Dodged            |    11 |    36 |    71 |    10 ||   128
